 Dungeon Crawl Stone Soup version 0.27-a0-277-g024f7ef292 (webtiles) character file.

Game seed: 13005559892366150333

139727 Lanoc the Spry (level 17, -13/133 HPs)
             Began as a Gnoll Gladiator on Feb 6, 2021.
             Was a Priest of Uskayaw.
             Mangled by a dire elephant simulacrum (43 damage)
             ... in an ice cave.
             The game lasted 00:50:53 (27372 turns).

Lanoc the Spry (Gnoll Gladiator)                   Turns: 27372, Time: 00:50:54

Health: -13/133    AC: 26    Str: 17    XL:     17   Next: 29%
Magic:  10/10      EV: 23    Int: 15    God:    Uskayaw [***...]
Gold:   3347       SH:  0    Dex: 16    Spells: 38/38 levels left

rFire    + . .     SeeInvis .   E - +8 Wrath of Trog {antimagic, *Rage}
rCold    . . .     Faith    +   (shield currently unavailable)
rNeg     . . .     Spirit   .   D - +8 scale mail of Precision Catastrophes {rF+ Int+4}
rPois    +         Reflect  .   Y - +2 helmet "Gesu" {rPois rCorr}
rElec    .         Harm     .   q - scarf {repulsion}
rCorr    +         Rampage  .   T - +1 pair of gloves {Stlth+}
Will     ++...     Rnd*Rage +   H - +2 pair of boots
Stlth    +++.......             O - amulet "Silago" {Faith Int+2}
HPRegen  0.32/turn              k - ring of willpower
MPRegen  0.12/turn              z - +4 ring of evasion

@: berserk cooldown, slowed, studying 2 skills, repel missiles, very slow
A: distributed training, fangs 1, strong nose
a: Renounce Religion, Stomp, Line Pass


You were in an ice cave.
You worshipped Uskayaw.
Uskayaw was pleased with you.
You visited 5 branches of the dungeon, and saw 25 of its levels.
You also visited: Bailey and Ice Cave.

You collected 4581 gold pieces.
You spent 1234 gold pieces at shops.

Inventory:

Hand Weapons
 y - a +2 executioner's axe of freezing
 E - the +8 Wrath of Trog (weapon) {antimagic, *Rage}
   (You found it on level 1 of the Orcish Mines)

   It reduces the magical energy of the wielder, and disrupts the spells and
   magical abilities of those hit.
   Natural abilities and divine invocations are not affected.
   It may make you go berserk in combat.
 M - the +10 zealot's sword {holy, *Rage rN+ EV+3}
   (You found it on level 8 of the Dungeon)

   It has been blessed by the Shining One to cause great damage to the undead
   and demons.
   It affects your evasion (+3).
   It protects you from negative energy.
   It may make you go berserk in combat.
Missiles
 d - 2 throwing nets (quivered)
 v - 3 datura-tipped darts
Armour
 q - a scarf of repulsion (worn)
 D - the +8 scale mail of Precision Catastrophes (worn) {rF+ Int+4}
   (You found it on level 1 of the Orcish Mines)

   It affects your intelligence (+4).
   It protects you from fire.
 F - a +0 kite shield
 H - a +2 pair of boots (worn)
 T - a +1 pair of gloves of stealth (worn)
 Y - the +2 helmet "Gesu" (worn) {rPois rCorr}
   (You found it on level 15 of the Dungeon)

   It protects you from poison.
   It provides partial protection from all sources of acid and corrosion.
Jewellery
 k - a ring of willpower (left hand)
 z - a +4 ring of evasion (right hand)
 L - an uncursed ring of resist corrosion
 O - the amulet "Silago" (around neck) {Faith Int+2}
   (You found it on level 14 of the Dungeon)

   [amulet of faith]

   It allows you to gain divine favour quickly.
   It affects your intelligence (+2).
 R - an uncursed ring of see invisible
 U - the amulet of Vuluiralie {Reflect rF+ rN+ SH+5}
   (You found it on level 12 of the Dungeon)

   [amulet of reflection]

   It shields you and reflects attacks.
   It protects you from fire.
   It protects you from negative energy.
   It affects your SH (+5).
Wands
 b - a wand of digging (11)
 A - a wand of acid (15)
 B - a wand of mindburst (15)
 C - a wand of iceblast (30)
 V - a wand of paralysis (34)
 W - a wand of polymorph (20)
 Z - a wand of flame (29)
Scrolls
 a - 10 scrolls of identify
 c - 2 scrolls of blinking
 e - 7 scrolls of enchant armour
 h - 6 scrolls of remove curse
 j - 3 scrolls of magic mapping
 n - 12 scrolls of teleportation
 o - 8 scrolls of immolation
 t - 7 scrolls of amnesia
 x - 6 scrolls of fear
 G - 4 scrolls of fog
 K - 5 scrolls of enchant weapon
 X - 3 scrolls of holy word
Potions
 f - 9 potions of curing
 g - 4 potions of cancellation
 l - 4 potions of invisibility
 m - 3 potions of heal wounds
 p - 4 potions of lignification
 r - 3 potions of mutation
 s - 2 potions of might
 u - 5 potions of brilliance
 N - 3 potions of haste
 P - 3 potions of resistance
 Q - a potion of ambrosia
 S - a potion of flight
Miscellaneous
 i - a tin of tremorstones (2/2)
 w - a phantom mirror
 I - a box of beasts
 J - a lightning rod (4/4)


   Skills:
 + Level 11.9 Fighting
 + Level 11.1 Short Blades
 + Level 11.1 Long Blades
 + Level 13.4 Axes
 + Level 11.1 Maces & Flails
 + Level 11.1 Polearms
 + Level 11.1 Staves
 + Level 11.1 Slings
 + Level 11.1 Bows
 + Level 11.1 Crossbows
 + Level 11.9 Throwing
 + Level 11.1 Armour
 + Level 15.2 Dodging
 + Level 11.1 Stealth
 + Level 11.1 Shields
 + Level 11.1 Unarmed Combat
 + Level 11.1 Spellcasting
 + Level 9.5 Conjurations
 + Level 9.5 Hexes
 + Level 9.5 Summonings
 + Level 9.5 Necromancy
 + Level 9.5 Translocations
 + Level 9.5 Transmutations
 + Level 9.5 Fire Magic
 + Level 9.5 Ice Magic
 + Level 9.5 Air Magic
 + Level 9.5 Earth Magic
 + Level 9.5 Poison Magic
 + Level 12.0 Invocations
 + Level 11.1 Evocations


You had 38 spell levels left.
You didn't know any spells.
Your spell library contained the following spells:

 Spells                   Type           Power        Failure   Level
 Apportation              Tloc           72%          1%          1
 Corona                   Hex            40%          1%          1
 Foxfire                  Conj/Fire      100%         1%          1
 Slow                     Hex            36%          1%          2
 Conjure Flame            Conj/Fire      36%          1%          3
 Inner Flame              Hex/Fire       36%          1%          3
 Lesser Beckoning         Tloc           18%          1%          3
 Portal Projectile        Hex/Tloc       72%          1%          3
 Tukima's Dance           Hex            36%          1%          3
 Cause Fear               Hex            18%          4%          4
 Leda's Liquefaction      Hex/Erth       18%          4%          4
 Sticky Flame             Conj/Fire      36%          4%          4
 Alistair's Intoxication  Tmut/Pois      24%          13%         5
 Fireball                 Conj/Fire      18%          13%         5
 Invisibility             Hex            36%          56%         6


Dungeon Overview and Level Annotations

Branches:
Dungeon (15/15)            Temple (1/1) D:6            Lair (6/6) D:10
 Shoals (0/4) Lair:3        Snake (1/4) Lair:4        Slime (0/5) Lair:5
    Orc (2/2) D:10            Elf (0/3) Orc:2        Vaults (0/5) D:13
 Depths (0/5) D:15         Bailey (visited)           IceCv (1/1)

Altars:
Ashenzari
Dithmenos
Elyvilon
Hepliaklqana
Kikubaaqudgha
Makhleb
Okawaru
Ru
Trog
Uskayaw
Vehumet
Wu Jian
Xom
Yredelemnul
Beogh
Jiyva

Shops:
D:4 !=   D:7 (   D:9 ?   D:11 !   Orc:2 ([*=*

Annotations:
D:10 2 transporters, kae's ghost, journeyman DrTm


Innate Abilities, Weirdness & Mutations

Your experience applies equally to all skills.
You have very sharp teeth.
Your uncanny sense of smell can sniff out nearby items.


Message History

The six-headed hydra simulacrum bites you but does no damage.
The six-headed hydra simulacrum barely misses you.
The six-headed hydra simulacrum bites you but does no damage. x2
The six-headed hydra simulacrum misses you.
The six-headed hydra simulacrum barely misses you.
Uskayaw prepares the audience for your solo!
The helpless six-headed hydra simulacrum fails to defend itself.
You hack one of the six-headed hydra simulacrum's heads off!
You slice the five-headed hydra simulacrum!!
You bite the five-headed hydra simulacrum.
The five-headed hydra simulacrum is almost destroyed.
The helpless dire elephant simulacrum fails to defend itself.
You slash the dire elephant simulacrum!
The five-headed hydra simulacrum vapourises!
The dire elephant simulacrum is no longer paralysed.
The dire elephant simulacrum completely misses you.
The dire elephant simulacrum trunk-slaps you.
* * * LOW HITPOINT WARNING * * *
The dire elephant simulacrum freezes you!!!
You die...

### ####### #######
... #?(!..##
##.....# ..
#!.....###......#
...#.......#.......#
...#.......#.......#
.............∩..∩.#
.#.....○@#.......#
#.....Z.#.......#
#:.....###......#
#(?$..## ##.....#
####### #######


You could see a dire elephant simulacrum (pain bonded).

Vanquished Creatures
  3 orc warlords
  2 deep elf elementalists (Orc:1)
  2 deep elf demonologists (Orc:1)
  A deep elf annihilator (Orc:1)
  An ettin (Orc:1)
  The ghost of Borgoz the Fighter, a journeyman GrGl of Okawaru (D:11)
  The ghost of zikan the Cleaver, a journeyman DsBe of Trog (D:9)
  A naga warrior (Snake:1)
  3 vault guards (D:13)
  6 boulder beetles
  3 ogre magi (D:15)
  3 hydras
  14 two-headed ogres
  A queen ant (D:10)
  6 centaur warriors
  A tengu warrior (D:8)
  A vampire mage (D:15)
  An orc high priest (Orc:2)
  2 deep elf knights (D:13)
  4 unseen horrors
  A deep troll (Orc:1)
  A necromancer (D:15)
  6 deep elf pyromancers
  2 deep elf zephyrmancers (Orc:1)
  8 orc knights
  2 orc sorcerers (Orc:2)
  13 ugly things
  3 cyclopes
  A frost giant zombie (D:15)
  12 elephants
  2 moths of wrath (Orc:1)
  An ice statue (Snake:1)
  4 merfolk sirens (Lair:3)
  3 black mambas
  2 manticores (D:12)
  A guardian serpent (Snake:1)
  A fire giant skeleton (D:15)
  3 centaur skeletons
  A naga mage (Snake:1)
  10 cane toads
  3 centaur zombies
  5 gargoyles
  Psyche (D:8)
  3 rime drakes
  11 komodo dragons
  An anaconda simulacrum (IceCv)
  4 tengu conjurers
  2 guardian mummies (D:15)
  A silent spectre (Orc:1)
  9 trolls
  Grinder (D:5)
  7 polar bears
  15 blink frogs
  4 hornets (Lair:6)
  2 dream sheep (Lair:6)
  2 spriggan zombies (D:15)
  18 slime creatures
  13 spriggans
  3 wraiths
  6 wyverns
  A spriggan (shapeshifter) (D:15)
  Eustachio (D:6)
  37 yaks
  6 basilisks
  10 vampire mosquitoes
  10 wargs
  Menkaure (D:4)
  A naga (Snake:1)
  An iron troll simulacrum (IceCv)
  16 water moccasins
  2 soldier ants (D:10)
  A hydra simulacrum (IceCv)
  10 black bears
  6 sky beasts
  18 ogres
  36 orc warriors
  10 ice beasts
  A necrophage (D:11)
  An ettin simulacrum (IceCv)
  An eye of draining (D:13)
  5 boggarts (Lair:6)
  35 wolves
  18 centaurs
  2 phantoms
  4 big kobolds
  2 spectral wyverns (D:11)
  12 bullfrogs
  2 wyvern zombies
  3 gnoll sergeants
  2 wyvern skeletons
  4 scorpions
  6 killer bees (D:8)
  A vampire bat (Lair:4)
  15 wights
  An electric eel (Lair:2)
  4 bullfrog zombies
  A quasit (D:6)
  A gnoll shaman (D:7)
  19 orc priests
  12 hounds
  A water moccasin simulacrum (D:9)
  A wyvern simulacrum (D:12)
  6 jellies
  2 bullfrog skeletons (D:8)
  Ijyb (D:5)
  4 iguanas
  22 orc wizards
  23 worker ants
  3 bullfrog simulacra
  2 hound skeletons
  A howler monkey zombie (D:6)
  2 worker ant zombies
  13 gnolls
  9 adders
  3 shadow imps
  2 white imps
  4 ufetubi
  2 adder skeletons (D:5)
  A worm (D:5)
  3 dart slugs (D:1)
  7 leopard geckos
  77 orcs
  14 bats
  2 bat zombies (D:2)
  5 giant cockroaches
  9 goblins
  8 hobgoblins
  3 jackals
  4 quokkas
  3 frilled lizards
  A giant cockroach zombie (D:5)
  28 kobolds
  2 quokka zombies
  3 rats
  A rat zombie (D:2)
836 creatures vanquished.

Vanquished Creatures (collateral kills)
  A hydra (Lair:1)
  A wizard (D:13)
  An orc sorcerer (D:13)
  An ice beast (D:8)
  An ogre (D:8)
  An orc wizard (Orc:2)
  A worker ant (D:8)
7 creatures vanquished.

Vanquished Creatures (others)
  27 fungi
  75 plants
  12 withered plants (D:15)
114 creatures vanquished.

Grand Total: 957 creatures vanquished

Notes
Turn   | Place    | Note
-------+----------+-------------------------------------------
     0 | D:1      | Lanoc the Gnoll Gladiator began the quest for the Orb.
     0 | D:1      | Reached XP level 1. HP: 20/20 MP: 1/1
   211 | D:1      | Reached XP level 2. HP: 24/25 MP: 2/2
   270 | D:1      | Reached XP level 3. HP: 31/31 MP: 3/3
   468 | D:2      | Reached skill level 1 in Invocations
   803 | D:2      | Reached skill level 1 in Short Blades
   803 | D:2      | Reached skill level 1 in Long Blades
   803 | D:2      | Reached skill level 1 in Maces & Flails
   803 | D:2      | Reached skill level 1 in Polearms
   803 | D:2      | Reached skill level 1 in Staves
   803 | D:2      | Reached skill level 1 in Slings
   803 | D:2      | Reached skill level 1 in Bows
   803 | D:2      | Reached skill level 1 in Crossbows
   803 | D:2      | Reached skill level 1 in Armour
   803 | D:2      | Reached skill level 1 in Stealth
   803 | D:2      | Reached skill level 1 in Shields
   803 | D:2      | Reached skill level 1 in Unarmed Combat
   803 | D:2      | Reached skill level 1 in Spellcasting
   803 | D:2      | Reached skill level 1 in Evocations
   829 | D:2      | Found an ancient bone altar of Kikubaaqudgha.
  1094 | D:2      | Reached XP level 4. HP: 38/38 MP: 5/5
  1501 | D:3      | Noticed a sky beast
  1545 | D:3      | Killed a sky beast
  1546 | D:3      | Reached skill level 1 in Conjurations
  1546 | D:3      | Reached skill level 1 in Hexes
  1546 | D:3      | Reached skill level 1 in Summonings
  1546 | D:3      | Reached skill level 1 in Necromancy
  1546 | D:3      | Reached skill level 1 in Translocations
  1546 | D:3      | Reached skill level 1 in Transmutations
  1546 | D:3      | Reached skill level 1 in Fire Magic
  1546 | D:3      | Reached skill level 1 in Ice Magic
  1546 | D:3      | Reached skill level 1 in Air Magic
  1546 | D:3      | Reached skill level 1 in Earth Magic
  1546 | D:3      | Reached skill level 1 in Poison Magic
  1546 | D:3      | Reached XP level 5. HP: 10/43 MP: 5/7
  1909 | D:3      | Found a radiant altar of Vehumet.
  2182 | D:4      | Found Naahyr's Distillery.
  2194 | D:4      | Bought a potion of heal wounds for 65 gold pieces
  2194 | D:4      | Bought a potion of curing for 39 gold pieces
  2227 | D:4      | Noticed Menkaure
  2238 | D:4      | Killed Menkaure
  2239 | D:4      | Reached skill level 5 in Fighting
  2239 | D:4      | Reached skill level 5 in Throwing
  2239 | D:4      | Reached XP level 6. HP: 51/51 MP: 7/9
  2499 | D:4      | Found a hide-covered altar of Uskayaw.
  2500 | D:4      | Noticed a +0 hand axe
  2500 | D:4      | Noticed a +0 hand axe
  2551 | D:4      | Became a worshipper of Uskayaw the Reveller
  2606 | D:4      | Reached * piety under Uskayaw
  2610 | D:4      | Reached ** piety under Uskayaw
  2612 | D:4      | Reached XP level 7. HP: 37/56 MP: 10/10
  2618 | D:4      | Reached *** piety under Uskayaw
  2620 | D:4      | Reached **** piety under Uskayaw
  2621 | D:4      | Reached skill level 7 in Dodging
  2844 | D:4      | Found a broken altar of Ashenzari.
  2895 | D:4      | Found Bewuuluanuu's Jewellery Shop.
  2993 | D:4      | Got a bloodstained scale mail
  3003 | D:4      | Identified the +5 scale mail of Acrosemy {Rampage rElec}
                  | (You found it on level 4 of the Dungeon)
  3102 | D:5      | Entered Level 5 of the Dungeon
  3298 | D:5      | Noticed Ijyb
  3313 | D:5      | Killed Ijyb
  3420 | D:5      | Noticed Grinder
  3469 | D:5      | Paralysed by Grinder for 6 turns
  3492 | D:5      | Killed Grinder
  3493 | D:5      | Reached XP level 8. HP: 26/63 MP: 10/12
  3872 | D:5      | Reached ***** piety under Uskayaw
  4553 | D:6      | Found a hazy altar of Hepliaklqana.
  4819 | D:6      | Found a staircase to the Ecumenical Temple.
  4870 | Temple   | Entered the Ecumenical Temple
  4884 | D:6      | Noticed Eustachio
  4914 | D:6      | Killed Eustachio
  5038 | D:6      | Found an ornate altar of the Wu Jian Council.
  5115 | D:6      | HP: 3/64 [orc warrior/+0 battleaxe (14)]
  5123 | D:6      | Reached XP level 9. HP: 5/69 MP: 2/14
  5618 | D:6      | Found a shadowy altar of Dithmenos.
  5774 | D:7      | Reached ****** piety under Uskayaw
  6203 | D:7      | Reached skill level 8 in Dodging
  6451 | D:7      | Reached skill level 5 in Invocations
  6776 | D:7      | Found Qietzuisch's Weapon Emporium.
  6951 | D:7      | Found a white marble altar of Elyvilon.
  7007 | D:7      | Found a sacrificial altar of Ru.
  7007 | D:7      | Found an iron altar of Okawaru.
  7008 | D:7      | Found a bloodstained altar of Trog.
  7059 | D:7      | Reached XP level 10. HP: 62/77 MP: 12/17
  7449 | D:7      | Found a basalt altar of Yredelemnul.
  7492 | D:8      | Reached skill level 5 in Short Blades
  7492 | D:8      | Reached skill level 5 in Long Blades
  7492 | D:8      | Reached skill level 5 in Maces & Flails
  7492 | D:8      | Reached skill level 5 in Polearms
  7492 | D:8      | Reached skill level 5 in Staves
  7492 | D:8      | Reached skill level 5 in Slings
  7492 | D:8      | Reached skill level 5 in Bows
  7492 | D:8      | Reached skill level 5 in Crossbows
  7492 | D:8      | Reached skill level 5 in Armour
  7492 | D:8      | Reached skill level 5 in Stealth
  7492 | D:8      | Reached skill level 5 in Shields
  7492 | D:8      | Reached skill level 5 in Unarmed Combat
  7492 | D:8      | Reached skill level 5 in Spellcasting
  7492 | D:8      | Reached skill level 5 in Evocations
  7533 | D:8      | Noticed Psyche
  7552 | D:8      | Killed Psyche
  7873 | D:8      | Noticed a centaur warrior
  7875 | D:8      | Noticed a tengu warrior
  7875 | D:8      | Noticed a cyclops
  7876 | D:8      | Found the +10 zealot's sword {holy, *Rage rN+ EV+3}
  7882 | D:8      | Killed a centaur warrior
  7948 | D:8      | Killed a tengu warrior
  7955 | D:8      | Killed a cyclops
  8391 | D:8      | Found a burning altar of Makhleb.
  8391 | D:8      | Noticed an Executioner
  8701 | D:9      | Found a runed translucent gate.
  8702 | D:9      | Found a runed translucent gate.
  8702 | D:9      | Found a runed translucent gate.
  8711 | D:9      | Noticed zikan's ghost (journeyman DsBe)
  8754 | D:9      | Found Tufyjetz's Magic Scroll Shop.
  8766 | D:9      | Bought a scroll of blinking for 120 gold pieces
  8927 | D:9      | Reached XP level 11. HP: 84/84 MP: 15/19
  8929 | D:9      | Reached skill level 9 in Dodging
  8996 | D:9      | Found a shimmering altar of Xom.
  9402 | D:9      | Killed zikan's ghost
  9403 | D:9      | Reached skill level 5 in Conjurations
  9403 | D:9      | Reached skill level 5 in Hexes
  9403 | D:9      | Reached skill level 5 in Summonings
  9403 | D:9      | Reached skill level 5 in Necromancy
  9403 | D:9      | Reached skill level 5 in Translocations
  9403 | D:9      | Reached skill level 5 in Transmutations
  9403 | D:9      | Reached skill level 5 in Fire Magic
  9403 | D:9      | Reached skill level 5 in Ice Magic
  9403 | D:9      | Reached skill level 5 in Air Magic
  9403 | D:9      | Reached skill level 5 in Earth Magic
  9403 | D:9      | Reached skill level 5 in Poison Magic
  9469 | D:10     | Entered Level 10 of the Dungeon
  9480 | D:10     | Noticed a queen ant
  9496 | D:10     | Killed a queen ant
  9506 | D:10     | Killed an unseen horror
  9638 | D:10     | Noticed kae's ghost (journeyman DrTm)
  9639 | D:10     | Found a transporter.
  9645 | D:10     | Found a transporter.
  9713 | D:10     | Found a staircase to the Lair.
 10114 | D:10     | Found a staircase to the Orcish Mines.
 10569 | D:11     | Noticed a seven-headed hydra
 10580 | D:11     | Killed an 11-headed hydra
 10927 | D:11     | Found a runed translucent gate.
 10927 | D:11     | Found a runed translucent gate.
 10927 | D:11     | Found a runed translucent gate.
 10930 | D:11     | Noticed Borgoz's ghost (journeyman GrGl)
 10976 | D:11     | Found Asash's Distillery.
 10979 | D:11     | Bought a potion of heal wounds for 70 gold pieces
 10979 | D:11     | Bought a potion of resistance for 140 gold pieces
 10979 | D:11     | Bought a potion of ambrosia for 112 gold pieces
 10979 | D:11     | Bought a potion of mutation for 112 gold pieces
 10995 | D:11     | Reached skill level 10 in Dodging
 10995 | D:11     | Reached XP level 12. HP: 94/94 MP: 22/22
 11319 | D:11     | Killed Borgoz's ghost
 11421 | D:12     | Noticed an eight-headed hydra
 11428 | D:12     | Killed a nine-headed hydra
 11506 | D:12     | Noticed a centaur warrior
 11522 | D:12     | Noticed a boulder beetle
 11550 | D:12     | Killed a boulder beetle
 11726 | D:12     | Killed a centaur warrior
 11806 | D:12     | Got a vibrating golden amulet
 11818 | D:12     | Identified the amulet of Vuluiralie {Reflect rF+ rN+ SH+5}
                  | (You found it on level 12 of the Dungeon)
 11869 | D:12     | Reached skill level 10 in Axes
 11890 | D:12     | Noticed a boulder beetle
 11922 | D:12     | Killed a boulder beetle
 11930 | D:12     | Reached skill level 11 in Dodging
 12563 | D:12     | Reached XP level 13. HP: 100/101 MP: 24/24
 12757 | D:13     | Found a flagged portal.
 12765 | Bailey   | Entered a bailey
 12785 | Bailey   | Noticed an orc warlord
 12891 | Bailey   | Found a runed translucent gate.
 12892 | Bailey   | Found a runed translucent gate.
 12897 | Bailey   | Found a runed translucent gate.
 12936 | Bailey   | Killed an orc warlord
 12960 | Bailey   | Identified a scroll of acquirement
 12960 | Bailey   | Acquired 594 gold pieces
 13935 | D:13     | Reached skill level 12 in Dodging
 14138 | D:13     | Reached skill level 10 in Fighting
 14138 | D:13     | Reached skill level 10 in Throwing
 14138 | D:13     | Reached XP level 14. HP: 110/110 MP: 25/27
 14615 | D:13     | Found a gate to the Vaults.
 14831 | D:13     | Reached skill level 10 in Invocations
 15062 | D:14     | Reached XP level 15. HP: 113/115 MP: 28/28
 15302 | D:14     | Got a fine pewter amulet
 15314 | D:14     | Identified the amulet "Silago" {Faith Int+2} (You found it
                  | on level 14 of the Dungeon)
 15355 | D:14     | You fall into a shaft and drop 1 floor!
 15355 | D:15     | Entered Level 15 of the Dungeon
 15427 | D:15     | Reached skill level 13 in Dodging
 15737 | D:15     | Got a crude helmet
 15747 | D:15     | Identified the +2 helmet "Gesu" {rPois rCorr} (You found it
                  | on level 15 of the Dungeon)
 15899 | D:15     | Found a staircase to the Depths.
 16864 | D:15     | Reached skill level 10 in Short Blades
 16864 | D:15     | Reached skill level 10 in Long Blades
 16864 | D:15     | Reached skill level 10 in Maces & Flails
 16864 | D:15     | Reached skill level 10 in Polearms
 16864 | D:15     | Reached skill level 10 in Staves
 16864 | D:15     | Reached skill level 10 in Slings
 16864 | D:15     | Reached skill level 10 in Bows
 16864 | D:15     | Reached skill level 10 in Crossbows
 16864 | D:15     | Reached skill level 10 in Armour
 16864 | D:15     | Reached skill level 10 in Stealth
 16864 | D:15     | Reached skill level 10 in Shields
 16864 | D:15     | Reached skill level 10 in Unarmed Combat
 16864 | D:15     | Reached skill level 10 in Spellcasting
 16864 | D:15     | Reached skill level 10 in Evocations
 17281 | Orc:1    | Entered Level 1 of the Orcish Mines
 17281 | Orc:1    | Found a roughly hewn altar of Beogh.
 17465 | Orc:2    | Entered Level 2 of the Orcish Mines
 17556 | Orc:2    | Found a roughly hewn altar of Beogh.
 17559 | Orc:2    | Noticed an orc warlord
 17588 | Orc:1    | Found a transporter.
 17906 | Orc:1    | Found a transporter.
 17906 | Orc:1    | Found a runed translucent door.
 17906 | Orc:1    | Found a bloodstained altar of Trog.
 17907 | Orc:1    | Found the +8 Wrath of Trog {antimagic, *Rage}
 17909 | Orc:1    | Noticed a deep elf elementalist
 17935 | Orc:1    | Reached XP level 16. HP: 47/125 MP: 30/30
 18279 | Orc:1    | Noticed an Executioner
 18430 | Orc:1    | Reached skill level 14 in Dodging
 18443 | Orc:1    | Noticed a Tzitzimitl
 18445 | Orc:1    | Noticed an Ice Fiend
 18734 | Orc:1    | Got a bloodstained plate armour
 18736 | Orc:1    | Got a slimy scale mail
 18750 | Orc:1    | Identified the +6 plate armour of Asum {MP+9 Str+3 Dex+2
                  | Slay-6 Stlth+} (You found it on level 1 of the Orcish
                  | Mines)
 18760 | Orc:1    | Identified the +8 scale mail of Precision Catastrophes {rF+
                  | Int+4} (You found it on level 1 of the Orcish Mines)
 19030 | Orc:2    | HP: 6/125 [orc warrior/+2 long sword of protection (29)]
 19366 | Orc:2    | Found Azxugif's Antique Armour Boutique.
 19400 | Orc:2    | Found Vucurph's General Store.
 19408 | Orc:2    | Bought a scroll of teleportation for 54 gold pieces
 19408 | Orc:2    | Bought a scroll of teleportation for 54 gold pieces
 19408 | Orc:2    | Bought a scroll of blinking for 135 gold pieces
 19442 | Orc:2    | Found Tyer Qei's Antique Weapon Boutique.
 19697 | Orc:2    | Found Zafox's Jewellery Boutique.
 19720 | Orc:2    | Found Anausi's Assorted Antiques.
 19736 | Orc:2    | Bought a scroll of blinking for 217 gold pieces
 19736 | Orc:2    | Bought a scroll labelled NOWOSAL CITHA for 29 gold pieces
 19736 | Orc:2    | Bought a scroll labelled UNY ZORCHO XALA for 29 gold pieces
 19736 | Orc:2    | Bought a scroll of identify for 58 gold pieces
 19828 | Orc:2    | Found a staircase to the Elven Halls.
 20561 | Lair:1   | Entered Level 1 of the Lair of Beasts
 23113 | Lair:3   | Found a staircase to the Shoals.
 24195 | Lair:4   | Found a staircase to the Snake Pit.
 25052 | Lair:5   | Found a staircase to the Slime Pits.
 25340 | Lair:5   | Found a viscous altar of Jiyva.
 25603 | Lair:6   | Entered Level 6 of the Lair of Beasts
 25804 | Lair:6   | Reached XP level 17. HP: 111/133 MP: 10/31
 25876 | Lair:6   | Reached skill level 15 in Dodging
 26990 | Lair:6   | Acquired 1273 gold pieces
 27054 | Snake:1  | Entered Level 1 of the Snake Pit
 27169 | Snake:1  | Found a frozen archway.
 27338 | IceCv    | Entered an ice cave
 27372 | IceCv    | Mangled by a dire elephant simulacrum

Illustrated notes

Levels and vault maps discovered:
D:1:      sevenhm_arrival_forest_fort_large_4, layout_basic,
          nemelex_diamond_rough_becter
D:2:      layout_basic, lemuel_zombie_altar_kikubaaqudgha
D:3:      layout_basic, nicolae_overflow_hidden_temple, uniq_natasha
D:4:      layout_loops_cross, kennysheep_little_box, dancing_weapons_uskayaw,
          serial_shops, shop, minmay_shop_enchanted_jewellery, uniq_menkaure
D:5:      layout_layer_cave, uniq_ijyb, uniq_grinder
D:6:      layout_cave_pods, pdpol_wu_jian_five_deadly_venoms,
          lemuel_round_altar, minmay_temple_entry_purple_smoke,
          nicolae_dithmenos_shadow_blocks, uniq_eustachio
D:7:      layout_cave_pools, kennysheep_ying_yang,
          chequers_temple_overflow_statue_of_worship, serial_gnoll_camp,
          gnoll_camp_mini_loothouse, gnoll_camp_mini_hut, gnoll_camp_mini_shop,
          gnoll_camp_mini_house, gnoll_camp_mini_basic, dk_vineyard_3,
          kennysheep_generic_room_15
D:8:      minmay_the_grid_triangle_9x9_rhombus_thin
          [minmay_the_grid_triangle_9x9_sparse_checkered,
          minmay_the_grid_triangle_9x9_prize_insulated,
          minmay_the_grid_triangle_9x9_pentomino_pain,
          minmay_the_grid_triangle_9x9_minimal], layout_cave_pools,
          makhleb_altar_promises_db, uniq_psyche
D:9:      layout_cave_pods, marbit_many_paths, gammafunk_ghost_necromancy,
          serial_shops, shop
D:10:     layout_roguey, david_lair_generic, minmay_orc_entry_guard_dogs,
          gammafunk_ghost_hive, minmay_another_anthill
D:11:     layout_roguey, gammafunk_ghost_necromancy, serial_shops,
          kennysheep_mini, eino_tiny_chamber
D:12:     minmay_ornate_pinched, layout_irregular_city,
          hangedman_abyss_or_decor_lesser_grid, minmay_diamond_spiral
D:13:     layout_rooms, grunt_vaults_entry_fortified, enter_bailey_2
D:14:     layout_roguey, serial_shops, shop, chequers_serial_rivers_micro_b
D:15:     gammafunk_depths_entry_grave, layout_gridville
Temple:   corrupted_temple
Lair:1:   layout_layer_cave
Lair:2:   layout_cave_pods, fungi_pond_lemuel, minivault_19
Lair:3:   layout_gridlike, elwin_shoals_entry_stream, minivault_26,
          serial_bayou_pond_a, forest_entry_grove
Lair:4:   layout_long_grid, guppyfry_snake_entry_island, roderic_batcave,
          minivault_25, chequers_serial_rivers_large_b
Lair:5:   layout_loops_ring, slime_altar_1, serial_forest,
          infiniplex_forest_straight_5, infiniplex_forest_lined_room_2,
          infiniplex_forest_clump_diagonal, infiniplex_forest_corner_2,
          infiniplex_forest_straight_2, infiniplex_forest_lined_3_way,
          infiniplex_forest_clump_medium, infiniplex_forest_clump_double
Lair:6:   minmay_lair_end_enchanted_forest, layout_misc_corridors, st_stairs_8,
          grunt_forest_stairs_basic, grunt_megastairs_2
Snake:1:  gammafunk_sealed_library, layout_misc_corridors,
          portal_ice_cave_entry_ice_statue_one, serial_bayou_lagoon_a,
          fake_guardian_serpent_vault
Orc:1:    emtedronai_trogs_sanctum, layout_caves, basic_altar
Orc:2:    grunt_orc_cross, layout_caves, serial_shops, nicolae_shop_trees
IceCv:    ice_cave_statue_garden_chambered

Skill      XL: |  1  2  3  4  5  6  7  8  9 10 11 12 13 14 15 16 17 |
---------------+----------------------------------------------------+-----
Invocations    | 1 2 3 4 5 6 7 8 9 10 11 12 | 12.0
Short Blades   | 1 2 3 4 5 6 7 9 10 11 | 11.1
Long Blades    | 1 2 3 4 5 6 7 9 10 11 | 11.1
Maces & Flails | 1 2 3 4 5 6 7 9 10 11 | 11.1
Polearms       | 1 2 3 4 5 6 7 9 10 11 | 11.1
Staves         | 1 2 3 4 5 6 7 9 10 11 | 11.1
Slings         | 1 2 3 4 5 6 7 9 10 11 | 11.1
Bows           | 1 2 3 4 5 6 7 9 10 11 | 11.1
Crossbows      | 1 2 3 4 5 6 7 9 10 11 | 11.1
Armour         | 1 2 3 4 5 6 7 9 10 11 | 11.1
Stealth        | 1 2 3 4 5 6 7 9 10 11 | 11.1
Shields        | 1 2 3 4 5 6 7 9 10 11 | 11.1
Unarmed Combat | 1 2 3 4 5 6 7 9 10 11 | 11.1
Spellcasting   | 1 2 3 4 5 6 7 9 10 11 | 11.1
Evocations     | 1 2 3 4 5 6 7 9 10 11 | 11.1
Conjurations   | 1 2 3 4 5 6 7 8 9 |  9.5
Hexes          | 1 2 3 4 5 6 7 8 9 |  9.5
Summonings     | 1 2 3 4 5 6 7 8 9 |  9.5
Necromancy     | 1 2 3 4 5 6 7 8 9 |  9.5
Translocations | 1 2 3 4 5 6 7 8 9 |  9.5
Transmutations | 1 2 3 4 5 6 7 8 9 |  9.5
Fire Magic     | 1 2 3 4 5 6 7 8 9 |  9.5
Ice Magic      | 1 2 3 4 5 6 7 8 9 |  9.5
Air Magic      | 1 2 3 4 5 6 7 8 9 |  9.5
Earth Magic    | 1 2 3 4 5 6 7 8 9 |  9.5
Poison Magic   | 1 2 3 4 5 6 7 8 9 |  9.5
Fighting       | 5 6 7 8 9 10 11 | 11.9
Throwing       | 5 6 7 8 9 10 11 | 11.9
Axes           | 7 8 9 10 11 13 | 13.4
Dodging        | 7 8 10 11 12 13 14 15 | 15.2

Action                   |  1- 3 |  4- 6 |  7- 9 | 10-12 | 13-15 | 16-18 || total
-------------------------+-------+-------+-------+-------+-------+-------++-------
Melee: War axe           |   102 |    77 |   471 |   143 |       |       ||   793
       Bite              |     4 |     5 |    59 |    93 |    99 |    79 ||   339
       Punch             |       |     1 |    13 |       |       |       ||    14
       Eudemon blade     |       |       |       |   387 |   581 |    59 ||  1027
       Battleaxe         |       |       |       |       |       |   559 ||   559
Throw: Throwing net      |       |       |     2 |     4 |       |       ||     6
       Dart              |       |       |       |     3 |       |       ||     3
Invok: Grand Finale      |       |       |       |       |       |     3 ||     3
Evoke: Wand              |       |       |       |     3 |       |     2 ||     5
       Box of beasts     |       |       |       |     1 |     2 |     1 ||     4
       Lightning rod     |       |       |       |     4 |       |     4 ||     8
  Use: Scroll            |       |       |     8 |     6 |    10 |     6 ||    30
       Potion            |       |       |     2 |     6 |     1 |     1 ||    10
 Stab: Paralysed         |       |       |    27 |    51 |    71 |   129 ||   278
       Held in net/web   |       |       |     1 |     1 |       |       ||     2
       Sleeping          |       |       |       |    15 |     7 |    19 ||    41
       Distracted        |       |       |       |     2 |     3 |     2 ||     7
Armor: Leather armour    |    42 |    10 |     5 |       |       |       ||    57
       Scale mail        |       |       |   259 |   235 |   135 |   262 ||   891
       Skin              |       |       |       |     9 |       |       ||     9
Dodge: Dodged            |   108 |    55 |   360 |   362 |   377 |   809 ||  2071
       Repelled          |       |       |       |     1 |     2 |     4 ||     7
Block: Buckler           |       |       |    10 |   146 |   211 |       ||   367
       Reflection        |       |       |       |     2 |    31 |       ||    33
       Kite shield       |       |       |       |       |    11 |    33 ||    44
       Rpst.: Eudemon blade |       |       |       |    47 |    81 |     8 ||   136

Table legend: (Time is in decaauts)
 A = Elapsed time spent in this place.
 B = Non-inter-level travel time spent in this place.
 C = Inter-level travel time spent in this place.
 D = Time resting spent in this place.
 E = Time spent auto-exploring this place.
 F = Levels seen in this place.
 G = Mean time per level.
                   A        B        C        D        E       F      G
               +--------+--------+--------+--------+--------+-----+--------+
         Total |  28154 |  27299 |    855 |   2646 |  19475 |  27 | 1042.7 |
       Dungeon |  17274 |  16668 |    606 |   1244 |  12378 |  15 | 1151.6 |
        Temple |      1 |      1 |      0 |      0 |      0 |   1 |    1.0 |
          Lair |   6946 |   6816 |    130 |      0 |   5672 |   6 | 1157.7 |
     Snake Pit |    306 |    306 |      0 |    181 |      0 |   1 |  306.0 |
  Orcish Mines |   3338 |   3220 |    118 |   1220 |   1320 |   2 | 1669.0 |
        Bailey |    248 |    248 |      0 |      0 |    104 |   1 |  248.0 |
      Ice Cave |     37 |     37 |      0 |      0 |      0 |   1 |   37.0 |
               +--------+--------+--------+--------+--------+-----+--------+

Top non-repeatable levels by time:
     D:7: 1758 daAuts
   Orc:2: 1682 daAuts
    D:15: 1657 daAuts
   Orc:1: 1656 daAuts
  Lair:1: 1597 daAuts
  Lair:6: 1544 daAuts
     D:5: 1401 daAuts
    D:14: 1365 daAuts
    D:12: 1363 daAuts
     D:6: 1269 daAuts
    D:13: 1202 daAuts
    D:10: 1151 daAuts
     D:9: 1050 daAuts
  Lair:2: 1049 daAuts
     D:4: 1005 daAuts
